 Dungeon Crawl Stone Soup version 0.32-a0-42-ga30500b4d3 (webtiles) character file.

Game seed: 4354355031313182069

2982 lunkers the Basher (level 9, -11/88 HPs)
             Began as an Oni Berserker on Jan 31, 2024.
             Was an Elder of Trog.
             Mangled by a yak (13 damage)
             ... on level 8 of the Dungeon on Feb 1, 2024.
             The game lasted 00:10:01 (7196 turns).

lunkers the Basher (Oni Berserker)                  Turns: 7196, Time: 00:10:02

Health: -11/88     AC:  3    Str: 33    XL:     9   Next: 83%
Magic:  0/9        EV: 10    Int:  8    God:    Trog [****..]
Gold:   370        SH:  0    Dex: 14    Spells: 8/8 levels left

rFire   . . .        w - +0 whip (venom)
rCold   . . .        (no shield)
rNeg    . . .        b - +0 animal skin
rPois   .            (helmet restricted)
rElec   .            B - scarf {+Inv}
rCorr   .            (gloves unavailable)
SInv    .            (boots unavailable)
Will    .....        n - amulet of guardian spirit
Stlth   +            j - +6 ring of dexterity
HPRegen 0.34/turn    p - +6 ring of strength
MPRegen 0.11/turn

%: guardian spirit
@: on berserk cooldown, slowed, very slow
A: large, unfitting armour, horns 1, tough skin 1, double potion healing,
drunken brawling
a: Renounce Religion, Evoke Invisibility, Berserk, Trog's Hand, Brothers in Arms


You were on level 8 of the Dungeon.
You worshipped Trog.
Trog was greatly pleased with you.
You visited 1 branch of the dungeon, and saw 8 of its levels.

You collected 370 gold pieces.

Inventory:

Hand Weapons
 a - a +0 mace
 w - a +0 whip of venom (weapon)
Armour
 b - a +0 animal skin (worn)
 B - a scarf of invisibility (worn)
Jewellery
 j - a +6 ring of dexterity (left hand)
 n - an amulet of guardian spirit (around neck)
 p - a +6 ring of strength (right hand)
 s - a ring of see invisible
 z - a +4 ring of protection
 A - a +5 ring of evasion
Wands
 l - a wand of quicksilver (12)
Scrolls
 f - 3 scrolls of identify {unknown}
 i - 2 scrolls of fear {unknown}
 k - 3 scrolls of amnesia {unknown}
 q - a scroll of revelation {unknown}
 t - a scroll of butterflies {unknown}
 u - 3 scrolls of teleportation {unknown}
 v - a scroll of blinking {unknown}
 y - a scroll of poison {unknown}
Potions
 c - 7 potions of curing {unknown}
 d - 2 potions of might {unknown}
 e - 3 potions of resistance {unknown}
 g - 4 potions of degeneration {unknown}
 h - 2 potions of attraction {unknown}
 m - 4 potions of heal wounds {unknown}
 o - 3 potions of enlightenment {unknown}
 r - a potion of brilliance {unknown}
 x - a potion of haste {unknown}


   Skills:
 + Level 5.6 Fighting
 * Level 13.2 Maces & Flails
 - Level 2.6 Dodging


You had 8 spell levels left.
You didn't know any spells.
Your spell library was empty.

Dungeon Overview and Level Annotations

Branches:
Dungeon (8/15)             Temple (0/1) D:7
   Lair: D:8-11

Altars:
Hepliaklqana
Makhleb
Okawaru
Ru
Sif Muna


Innate Abilities, Weirdness & Mutations

You are too large for most types of armour.
You have a pair of small horns on your head.
You have tough skin. (AC +1)
You gain doubled healing and magic from potions.
Whenever you drink a healing potion, you attack all around you.


Message History

The gnoll shouts!
You hear a shout!
Unknown command.
You whack the yak!
The yak is poisoned.
The yak is moderately wounded.
Unknown command.
You hit the yak but do no damage.
The yak is moderately wounded.
You are no longer berserk.
You are exhausted.
You feel yourself slow down. The yak gores you!
* * * LOW HITPOINT WARNING * * *
The gnoll closely misses you.
You hit the yak.
The yak looks as sick as possible!
You headbutt the yak.
The yak is moderately wounded.
The gnoll barely misses you.
Unknown command.
You closely miss the yak.
The yak is heavily wounded.
You kill the gnoll!
Trog accepts your kill.
You can now call in reinforcements.
The yak gores you!
* * * LOW HITPOINT WARNING * * *
A gnoll comes into view. It is wielding a +0 whip.
The gnoll barely misses you.
You barely miss the yak. Your headbutt misses the yak.
The yak is heavily wounded.
A gnoll comes into view. It is wielding a +0 flail.
The yak gores you but does no damage. The gnoll barely misses you.
Unknown command.
The yak gores you!
* * * LOW HITPOINT WARNING * * *
The gnoll hits you with a +0 club.
* * * LOW MAGIC WARNING * * *
* * * LOW HITPOINT WARNING * * *
There is a stone staircase leading up here.
The yak gores you!
* * * LOW MAGIC WARNING * * *
* * * LOW HITPOINT WARNING * * *
The gnoll misses you. The yak gores you!
You die...

.........##
##.........# #
#..........#
#.#...........
#......g.....#
#...#)g.....#
##g.).....#
##g..†......
#@Y.........
#..............
#..............
##.............
#.....<.......
..............
#.........##..
#..........


You could see a yak (very poisoned) and 4 gnolls.

Vanquished Creatures
  Grinder (D:3)
  Sigmund (D:3)
  2 yaks (D:8)
  A water moccasin (D:5)
  3 black bears
  3 centaurs
  4 phantoms
  2 bullfrogs
  Blork the orc (D:4)
  2 scorpions (D:6)
  3 killer bees (D:5)
  A howler monkey (D:4)
  2 bombardier beetles
  4 hounds
  A jelly (D:6)
  3 gnoll boudas
  4 orc priests
  5 iguanas
  Ijyb (D:5)
  A sleepcap (D:7)
  2 orc wizards
  14 gnolls
  5 adders
  3 shadow imps
  3 white imps
  A ribbon worm (D:5)
  2 dart slugs
  12 orcs
  7 bats
  4 endoplasms
  3 giant cockroaches
  9 goblins
  6 hobgoblins
  6 jackals
  A quokka (D:3)
  4 ball pythons
  2 frilled lizards (D:1)
  8 kobolds
  2 rats
139 creatures vanquished.

Notes
Turn   | Place    | Note
-------+----------+-------------------------------------------
     0 | D:1      | lunkers the Oni Berserker began the quest for the Orb.
     0 | D:1      | Reached XP level 1. HP: 24/24 MP: 1/1
    45 | D:1      | Reached XP level 2. HP: 27/32 MP: 2/2
   260 | D:1      | Reached ** piety under Trog
   410 | D:1      | Reached skill level 4 in Maces & Flails
   475 | D:1      | Reached XP level 3. HP: 35/39 MP: 3/3
  1523 | D:3      | Noticed Sigmund
  1531 | D:3      | Killed Sigmund
  1532 | D:3      | Reached skill level 6 in Maces & Flails
  1532 | D:3      | Reached XP level 4. HP: 48/48 MP: 4/4
  1532 | D:3      | Reached XP level 5. HP: 54/54 MP: 5/5
  2138 | D:3      | Noticed Grinder
  2153 | D:3      | Killed Grinder
  2154 | D:3      | Reached skill level 7 in Maces & Flails
  2154 | D:3      | Reached XP level 6. HP: 43/62 MP: 2/6
  2739 | D:4      | Reached XP level 7. HP: 68/70 MP: 5/7
  2844 | D:4      | Identified the +5 rapier of Amorality {freeze, rElec Will-
                  | rCorr Dex-5}
  2851 | D:4      | Reached skill level 8 in Maces & Flails
  3251 | D:4      | Reached *** piety under Trog
  3340 | D:4      | Noticed Blork the orc
  3352 | D:4      | Killed Blork the orc
  3353 | D:4      | Reached skill level 9 in Maces & Flails
  3582 | D:5      | Entered Level 5 of the Dungeon
  3596 | D:5      | Reached XP level 8. HP: 62/78 MP: 5/8
  4086 | D:5      | Reached skill level 10 in Maces & Flails
  4143 | D:5      | Noticed Ijyb
  4156 | D:5      | Killed Ijyb
  4906 | D:5      | HP: 3/78 [poisoned by a killer bee]
  5271 | D:6      | Reached skill level 11 in Maces & Flails
  5587 | D:6      | Reached XP level 9. HP: 78/84 MP: 7/9
  5718 | D:6      | Reached skill level 12 in Maces & Flails
  6620 | D:7      | Found a shimmering blue altar of Sif Muna.
  6620 | D:7      | Found a hazy altar of Hepliaklqana.
  6744 | D:7      | Found a staircase to the Ecumenical Temple.
  6980 | D:7      | Found a burning altar of Makhleb.
  6980 | D:7      | Found an iron altar of Okawaru.
  6987 | D:7      | Found a sacrificial altar of Ru.
  6989 | D:7      | Found a faded altar of an unknown god.
  6991 | D:7      | Found a faded altar of an unknown god.
  7168 | D:8      | Reached skill level 5 in Fighting
  7177 | D:8      | Reached skill level 13 in Maces & Flails
  7191 | D:8      | Reached **** piety under Trog
  7196 | D:8      | HP: 2/88 [yak (14)]
  7196 | D:8      | Mangled by a yak

Illustrated notes

Levels and vault maps discovered:
D:1:      wander_arrival_chamber, layout_rooms
D:2:      layout_loops_corners
D:3:      layout_basic, uniq_grinder, uniq_sigmund
D:4:      minmay_angry_zag, layout_basic, dreamdust_princess_corridor,
          uniq_blork_the_orc
D:5:      layout_layer_cave, uniq_ijyb
D:6:      layout_loops_ring, kennysheep_generic_room_6
D:7:      layout_cave_pools, chequers_temple_overflow_statue_of_worship,
          chequers_temple_overflow_minitemple, minmay_temple_entry_hall,
          serial_park, serial_park_avenue1, serial_park_avenue1,
          serial_park_square3 [serial_park_minivault_5x5_2],
          hangedman_decor_riveting, minmay_checkerbox
D:8:      layout_cave_pools, gammafunk_ghost_grave, special_room
          [special_room_orc], nicolae_looking_at_the_future

Skill      XL: |  1  2  3  4  5  6  7  8  9 |
---------------+----------------------------+-----
Maces & Flails | 4 6 7 9 11 13 | 13.2
Fighting       | 5 |  5.6
Dodging        | |  2.6

Action                     |  1- 3 |  4- 6 |  7- 9 || total
---------------------------+-------+-------+-------++-------
  Melee: Mace              |   105 |    55 |     9 ||   169
         Headbutt          |     9 |     9 |    80 ||    98
         Punch             |       |     1 |     3 ||     4
         Whip              |       |       |   373 ||   373
 Invoke: Berserk           |     1 |     1 |     4 ||     6
         Trog's Hand       |       |       |     1 ||     1
   Stab: Sleeping          |       |       |     2 ||     2
 Armour: Animal skin       |   102 |    27 |   194 ||   323
  Dodge: Dodged            |    70 |    23 |   150 ||   243

Table legend: (Time is in decaauts)
 A = Elapsed time spent in this place.
 B = Non-inter-level travel time spent in this place.
 C = Inter-level travel time spent in this place.
 D = Time resting spent in this place.
 E = Time spent auto-exploring this place.
 F = Levels seen in this place.
 G = Mean time per level.
                   A        B        C        D        E       F      G
               +--------+--------+--------+--------+--------+-----+--------+
         Total |   7102 |   6950 |    152 |     16 |   6026 |   8 |  887.8 |
       Dungeon |   7102 |   6950 |    152 |     16 |   6026 |   8 |  887.8 |
               +--------+--------+--------+--------+--------+-----+--------+

Top non-repeatable levels by time:
     D:5: 1597 daAuts
     D:3: 1073 daAuts
     D:4: 1016 daAuts
     D:7: 998 daAuts
     D:6: 866 daAuts
     D:2: 849 daAuts
     D:1: 679 daAuts
     D:8: 22 daAuts
